Map: Oxide LE

Players

Osiris

  • Race: Terran Terran
  • League: Master

asdfghjkl - Winner!

  • Race: Protoss Protoss
  • League: Master

VOD

Have the link to the VOD?

Description

Time

  • Played on: May 12, 2021, 6:54 p.m.
  • Length: 13:29
Show
View Real Time Build Order
Export as new Build Order

Osiris Terran 

Build Orders:  

Get SALT Encoding   

  12  0:00  SCV  
  13  0:12  SCV  
  14  0:16  Supply Depot  
  14  0:24  SCV  
  15  0:38  SCV, Barracks  
  16  0:43  Refinery  
  16  0:50  SCV  
  17  1:02  SCV  
  18  1:14  SCV  
  19  1:27  Orbital Command  
  19  1:28  Marine  
  20  1:49  Marine  
  21  1:55  SCV  
  21  1:57  Command Center  
  22  2:05  Supply Depot  
  22  2:08  Barracks Reactor  
  22  2:09  SCV  
  23  2:22  Factory  
  23  2:26  SCV  
  24  2:30  Bunker  
  24  2:37  Refinery  
  24  2:38  SCV  
  25  2:44  Marine x2  
  25  2:50  SCV  
  28  3:03  Marine x2  
  30  3:06  Starport  
  30  3:07  Factory Tech Lab  
  30  3:09  Orbital Command  
  30  3:11  SCV  
  31  3:18  Bunker  
  31  3:23  SCV  
  31  3:24  Marine x2  
  34  3:28  Cyclone  
  37  3:35  SCV  
  37  3:37  SCV  
  37  3:41  Supply Depot  
  39  3:48  Marine x2  
  40  3:51  Starport Tech Lab  
  40  3:52  SCV  
  40  3:53  SCV  
  43  4:04  SCV  
  43  4:05  SCV, Barracks  
  43  4:07  Marine x2  
  43  4:09  Raven  
  49  4:16  SCV  
  50  4:19  SCV  
  51  4:26  Barracks, Marine x2  
  51  4:28  Factory Reactor, SCV  
  54  4:32  Refinery  
  54  4:34  Engineering Bay  
  54  4:41  Supply Depot  
  54  4:43  SCV  
  55  4:46  Marine x2  
  55  4:47  SCV  
  58  4:56  SCV  
  59  5:00  SCV  
  59  5:01  Terran Infantry Weapons Level 1  
  59  5:02  Supply Depot  
  59  5:03  Supply Depot  
  59  5:04  Stimpack, Marine  
  61  5:10  SCV  
  61  5:11  Marine  
  61  5:12  Marine  
  64  5:16  SCV  
  65  5:21  Combat Shield  
  65  5:22  Refinery  
  65  5:25  Supply Depot, Marauder  
  65  5:26  Supply Depot  
  65  5:28  Marauder  
  69  5:30  SCV  
  69  5:31  SCV  
  71  5:39  Marine x2  
  71  5:41  Factory Reactor  
  71  5:42  SCV  
  74  5:43  SCV  
  74  5:49  Marauder  
  77  5:51  Marauder  
  77  5:54  SCV  
  77  5:56  Medivac  
  82  5:57  Medivac  
  82  5:58  Marine x2  
  86  6:10  Supply Depot, Marauder  
  88  6:12  Supply Depot  
  88  6:13  Marauder  
  88  6:16  Marine x2  
  92  6:23  SCV  
  92  6:25  Widow Mine x2, SCV  
  97  6:32  Marauder  
  100  6:35  Marauder, SCV, Marine x2  
  105  6:40  SCV  
  105  6:45  Command Center  
  105  6:46  Medivac x2  
  110  6:49  SCV  
  111  6:55  Terran Infantry Armor Level 1  
  94  7:10  Marauder x2, Marine x2  
  94  7:11  Widow Mine x2  
  88  7:21  Barracks  
  83  7:22  Barracks  
  83  7:25  Medivac x2  
  83  7:27  SCV  
  83  7:29  Concussive Shells  
  88  7:30  SCV  
  88  7:32  Marine x2  
  88  7:33  Marauder x2  
  95  7:39  SCV  
  93  7:45  SCV  
  94  7:51  SCV  
  94  7:53  Starport  
  94  7:55  Supply Depot  
  94  7:56  Supply Depot, Marauder x2  
  94  7:57  Viking, SCV  
  102  8:03  SCV  
  103  8:06  Viking  
  103  8:11  Barracks Tech Lab x2, Marine x2  
  107  8:13  Orbital Command  
  107  8:14  SCV  
  107  8:19  Engineering Bay  
  108  8:22  SCV  
  108  8:23  Fusion Core  
  108  8:24  Marauder  
  108  8:26  SCV  
  112  8:31  Orbital Command  
  112  8:35  Armory  
  112  8:36  SCV  
  112  8:39  Viking x3  
  121  8:48  Marauder  
  121  8:49  Marauder x2  
  121  8:52  Marauder  
  121  8:55  SCV  
  128  8:56  SCV  
  128  8:57  Refinery  
  128  9:00  SCV  
  130  9:07  SCV  
  130  9:09  Viking  
  133  9:11  Viking x3  
  133  9:13  Marauder  
  133  9:14  SCV  
  133  9:15  SCV  
  147  9:24  Terran Infantry Armor Level 2, Marauder x2, Refinery  
  147  9:29  Terran Infantry Weapons Level 2  
  147  9:34  Marauder  
  149  9:39  Marauder  
  149  9:42  Viking  
  149  9:44  Viking  
  151  10:05  Marauder x2, Marine x2  
  151  10:06  Marauder x2  
  108  10:23  Marine x2  
  108  10:25  Liberator x2  
  108  10:26  Reaper  
  108  10:27  Marauder x2  
  119  10:32  Barracks x2  
  119  10:34  Barracks  
  119  10:42  Marine x2  
  119  10:43  Marauder  
  119  10:44  Liberator x2  
  119  10:49  Marauder  
  131  10:50  Marauder  
  131  10:59  Marauder  
  133  11:05  Orbital Command  
  133  11:09  Refinery  
  123  11:16  Marine  
  123  11:17  Marauder x2, Marine x2  
  130  11:19  SCV x2  
  124  11:33  SCV x3  
  124  11:37  Barracks Tech Lab, Barracks Reactor  
  124  11:38  Barracks Reactor  
  127  11:41  Marauder x3, Marine x2  
  127  11:42  Liberator x2  
  127  11:43  Marauder  
  143  11:53  Refinery  
  143  11:55  Marine  
  143  11:59  Marine  
  145  12:02  Supply Depot, Marauder x3  
  145  12:04  Supply Depot  
  151  12:09  Liberator  
  151  12:14  Liberator  
  157  12:24  Marine x5  
  166  12:37  Marauder x4  
  166  12:38  Factory Reactor  
  166  12:39  Liberator  
  173  12:48  Command Center  
  167  13:08  Marauder x3  
Show
View Real Time Build Order
Export as new Build Order

asdfghjkl Protoss - Winner!

Build Orders: 1 Gate Expand, Blink Stalkers, Colossus Rush 

Get SALT Encoding   

  12  0:00  Probe  
  13  0:12  Probe  
  14  0:17  Pylon  
  14  0:24  Probe  
  15  0:36  Probe (Chrono Boost)  
  15  0:37  Gateway  
  16  0:47  Probe (Chrono Boost), Assimilator  
  17  0:52  Probe (Chrono Boost)  
  18  1:03  Probe  
  19  1:21  Nexus  
  19  1:28  Cybernetics Core  
  19  1:31  Probe  
  20  1:43  Probe, Pylon  
  21  1:52  Assimilator  
  21  1:55  Probe  
  22  2:04  Warp Gate  
  22  2:05  Stalker  
  22  2:07  Probe  
  25  2:19  Probe  
  26  2:26  Gateway  
  26  2:31  Probe (Chrono Boost)  
  26  2:32  Twilight Council  
  26  2:34  Probe (Chrono Boost)  
  28  2:43  Probe (Chrono Boost)  
  30  2:45  Probe (Chrono Boost)  
  30  2:48  Probe (Chrono Boost)  
  30  2:49  Probe (Chrono Boost)  
  31  2:58  Probe  
  33  2:59  Robotics Facility  
  33  3:00  Probe  
  34  3:10  Probe  
  34  3:12  Probe  
  36  3:13  Blink (Chrono Boost)  
  36  3:22  Probe  
  36  3:24  Probe  
  36  3:25  Assimilator, Pylon  
  38  3:27  Assimilator  
  39  3:34  Probe  
  39  3:39  Probe  
  40  3:48  Probe, Pylon  
  40  3:51  Probe  
  42  3:56  Robotics Bay  
  42  3:58  Pylon  
  42  4:00  Probe  
  42  4:01  Stalker  
  42  4:02  Stalker  
  47  4:07  Probe, Observer  
  49  4:12  Probe  
  50  4:18  Gateway  
  50  4:21  Pylon  
  50  4:23  Probe  
  51  4:38  Nexus  
  51  4:41  Gateway x2  
  51  4:43  Probe  
  52  4:46  Pylon  
  52  4:54  Colossus  
  52  4:59  Sentry  
  60  5:01  Stalker  
  62  5:11  Probe  
  62  5:12  Extended Thermal Lance  
  62  5:15  Probe  
  62  5:16  Shield Battery  
  63  5:23  Probe  
  63  5:27  Shield Battery, Probe, Robotics Facility  
  65  5:31  Templar Archives  
  65  5:35  Probe  
  65  5:39  Probe  
  65  5:40  Stalker  
  69  5:45  Charge  
  69  5:48  Probe, Observer  
  71  5:51  Probe  
  71  5:53  Stalker  
  71  5:54  Stalker, Zealot  
  78  6:03  Probe x2  
  78  6:04  Assimilator  
  80  6:06  Probe  
  80  6:08  Assimilator  
  81  6:15  Probe x2, Immortal  
  87  6:18  Probe  
  87  6:20  Forge  
  87  6:22  Forge  
  87  6:27  Probe x2  
  87  6:32  Probe  
  90  6:34  Pylon  
  90  6:38  Stalker x2  
  90  6:39  Probe x2  
  96  6:41  Zealot  
  96  6:46  Stalker  
  96  6:47  Stalker  
  93  7:02  Stalker  
  93  7:03  Stalker x2  
  93  7:12  Protoss Ground Armor Level 1 (Chrono Boost)  
  87  7:15  Stalker  
  87  7:16  Zealot  
  91  7:27  Pylon  
  91  7:28  Probe x2  
  91  7:29  Pylon  
  91  7:43  Nexus  
  91  7:44  Probe x2  
  91  7:45  Pylon  
  91  7:46  Probe, Gateway  
  91  7:47  Protoss Ground Weapons Level 1 (Chrono Boost)  
  91  7:48  Gateway  
  91  7:50  Pylon  
  92  7:56  Probe x2, Immortal, Colossus  
  92  7:58  Probe  
  105  8:03  Pylon  
  105  8:06  Shield Battery  
  105  8:08  Photon Cannon, Probe x2  
  105  8:10  Photon Cannon, Probe  
  105  8:11  Shield Battery  
  108  8:20  Probe x2  
  108  8:21  Gateway  
  108  8:22  Probe  
  108  8:26  Gateway  
  111  8:30  Gateway  
  111  8:34  Gateway  
  111  8:38  Probe  
  111  8:39  Assimilator  
  112  8:42  Assimilator  
  112  8:44  Photon Cannon  
  112  8:45  Probe x2  
  114  8:50  Shield Battery  
  114  8:52  Zealot  
  114  8:53  Zealot  
  114  8:54  High Templar x2  
  114  8:55  High Templar x2  
  124  8:56  High Templar  
  124  8:58  Archon  
  124  9:00  Gateway  
  124  9:02  Archon  
  128  9:03  Gateway  
  128  9:06  Probe  
  128  9:09  Probe  
  131  9:10  Probe  
  131  9:20  High Templar  
  131  9:21  High Templar  
  131  9:22  High Templar  
  137  9:25  Nexus  
  137  9:26  Photon Cannon  
  137  9:27  Photon Cannon, Pylon  
  137  9:28  Protoss Ground Armor Level 2 (Chrono Boost), Archon  
  137  9:29  Archon  
  138  9:31  Observer  
  138  9:32  Immortal  
  142  9:46  Pylon  
  142  9:47  Pylon  
  142  9:49  Photon Cannon  
  142  9:50  Zealot x3  
  142  9:51  Zealot x4  
  150  10:04  Immortal  
  134  10:11  Probe, Immortal  
  133  10:14  Photon Cannon  
  129  10:31  Stalker x3  
  129  10:32  Stalker x4  
  143  10:36  Gateway  
  143  10:37  Gateway, Protoss Ground Weapons Level 2 (Chrono Boost)  
  143  10:38  Probe x2  
  143  10:40  Gateway  
  145  10:46  Immortal  
  149  10:51  High Templar x4, Immortal  
  149  10:52  High Templar x2  
  149  10:55  Archon x2  
  149  10:56  Archon  
  159  11:18  Stalker x4  
  159  11:19  Stalker, Zealot x2  
  171  11:29  Colossus x2  
  175  11:50  Photon Cannon  
  175  11:51  Shield Battery  
  175  11:53  Pylon  
  175  12:06  Stargate  
  175  12:07  Stargate  
  175  12:08  Nexus  
  175  12:09  Stargate, Pylon  
  175  12:12  Assimilator, Pylon  
  175  12:14  Photon Cannon  
  175  12:23  Colossus  
  181  12:32  Photon Cannon  
  181  12:33  Probe  
  182  12:38  Photon Cannon  
  182  12:40  Probe  
  183  12:44  Shield Battery  
  183  12:45  Shield Battery  
  183  12:53  Stalker x2  
  183  12:54  Stalker  
  183  12:56  Stalker x3  
  183  12:57  Stalker x2  
Tags
 
Add a new tag
Caveats
  • Supply blocks, unpowered buildings, or Contaminate may cause inaccurate times.
  • Supply counts are checked every 10 seconds.